 Dungeon Crawl Stone Soup version 0.29.0-7-g18a832c13a (webtiles) character file.

Game seed: 9150706265725887071

235 SnakkuSnakku7 the Grave Robber (level 6, -3/32 HPs)
             Began as a Kobold Necromancer on Aug 30, 2022.
             Slain by a kobold brigand
             ... wielding a +0 club
              (6 damage)
             ... on level 3 of the Dungeon.
             The game lasted 00:09:08 (4557 turns).

SnakkuSnakku7 the Grave Robber (Kobold Necromancer) Turns: 4557, Time: 00:09:09

Health: -3/32      AC:  5    Str:  5    XL:     6   Next: 26%
Magic:  5/9        EV: 19    Int: 19    God:
Gold:   161        SH:  5    Dex: 15    Spells: 5/9 levels left

rFire   . . .      SeeInvis .   u - +0 spear (venom)
rCold   . . .      Faith    .   (no shield)
rNeg    . . .      Spirit   .   a - +0 robe
rPois   .          Reflect  +   s - +0 helmet
rElec   .          Harm     .   (no cloak)
rCorr   .          Rampage  .   j - +1 pair of gloves
Will    .....                   (no boots)
Stlth   +++.......              h - amulet of reflection
HPRegen 0.10/turn               v - ring of flight
MPRegen 0.11/turn               l - +4 ring of evasion

@: flying
A: small, no large weapons, nightstalker 3
a: no special abilities


You were on level 3 of the Dungeon.
You visited 1 branch of the dungeon, and saw 3 of its levels.
You also visited: Sewer.

You collected 161 gold pieces.

Inventory:

Hand Weapons
 e - a +0 dagger
 u - a +0 spear of venom (weapon)
Armour
 a - a +0 robe (worn)
 j - a +1 pair of gloves (worn)
 s - a +0 helmet (worn)
Jewellery
 h - an amulet of reflection (around neck)
 i - a +6 ring of strength
 l - a +4 ring of evasion (right hand)
 r - a ring of resist corrosion
 v - a ring of flight (left hand)
Wands
 q - a wand of polymorph (9)
Scrolls
 c - a scroll of amnesia
 f - 3 scrolls of poison {unknown}
 o - 2 scrolls of teleportation
 t - a scroll of silence
Potions
 b - a potion of magic
 d - 3 potions of heal wounds
 g - a potion of resistance
 m - 2 potions of mutation
 n - 4 potions of curing
 p - 5 potions of flight


   Skills:
 - Level 2.4 Dodging
 - Level 2.6 Stealth
 - Level 2.1 Spellcasting
 + Level 2.4 Conjurations
 - Level 5.8 Necromancy
 + Level 2.5 Air Magic


You had 5 spell levels left.
You knew the following spells:

 Your Spells              Type           Power      Damage    Failure   Level
a - Necrotise             Necr           96%        1d8       1%          1
b - Vampiric Draining     Necr           24%        2d7       4%          3

Your spell library contained the following spells:

 Spells                   Type           Power      Damage    Failure   Level
 Animate Dead             Necr           24%        N/A       16%         4
 Apportation              Tloc           4%         N/A       17%         1
 Summon Small Mammal      Summ           8%         N/A       17%         1
 Agony                    Necr           24%        N/A       38%         5


Dungeon Overview and Level Annotations

Branches:
Dungeon (3/15)              Sewer (visited)

Altars:

Shops:
D:1 :


Innate Abilities, Weirdness & Mutations

You are small and have problems with some larger weapons.
You are completely attuned to the shadows.


Message History

The hobgoblin closely misses you.
You closely miss the hobgoblin.
The hobgoblin hits you but does no damage.
You hit the hobgoblin.
You kill the hobgoblin!
You miss the kobold brigand. You block the kobold brigand's attack.
You hit the kobold brigand but do no damage.
The kobold brigand is poisoned.
The kobold brigand hits you with a +0 club.
You are too injured to fight recklessly!
You are too injured to fight recklessly!
You are too injured to fight recklessly!
You are too injured to fight recklessly!
Aiming: Necrotise (safe; 1% risk of failure)
Press: ? - help, Q - select action, (/) - cycle Shift-Dir - straight line, f - kobold brigand
Aim: a kobold brigand, wielding a +0 club and quivering poisoned darts (very poisoned, chance to affect: 83%)
The kobold brigand writhes in agony.
You block the kobold brigand's attack.
Aiming: Necrotise (safe; 1% risk of failure)
Press: ? - help, Q - select action, (/) - cycle Shift-Dir - straight line, f/p - kobold brigand
Aim: a kobold brigand, wielding a +0 club and quivering poisoned darts (moderately wounded, very poisoned, chance to affect: 83%)
The kobold brigand writhes in agony.
The kobold brigand hits you with a +0 club!
* * * LOW HITPOINT WARNING * * *
Aiming: Necrotise (safe; 1% risk of failure)
Press: ? - help, Q - select action, (/) - cycle Shift-Dir - straight line, f/p - kobold brigand
Aim: a kobold brigand, wielding a +0 club and quivering poisoned darts (heavily wounded, very poisoned, chance to affect: 83%)
The kobold brigand writhes in agony!
The kobold brigand closely misses you.
Aiming: Necrotise (safe; 1% risk of failure)
Press: ? - help, Q - select action, (/) - cycle Shift-Dir - straight line, f/p - kobold brigand
Aim: a kobold brigand, wielding a +0 club and quivering poisoned darts (almost dead, very poisoned, chance to affect: 83%)
The kobold brigand barely resists.
The kobold brigand hits you with a +0 club.
* * * LOW HITPOINT WARNING * * *
Unknown command.
You closely miss the kobold brigand.
The kobold brigand is almost dead.
The kobold brigand hits you with a +0 club.
You die...

#..............
#..#
#........######
#..#
#........... #
#..#
#........### #
##).# #........#
# #).#
#..).....# #
#.K# #........#
#
#g.####.########
# #..#@...# #
#..K.#### #
###### #


You could see a kobold brigand (poisoned).

Vanquished Creatures
  Jessica (D:2)
  2 adders
  4 river rats
  A worm (D:2)
  2 dart slugs (D:1)
  3 bats (D:1)
  4 endoplasms
  5 giant cockroaches
  13 goblins
  8 hobgoblins
  4 jackals (D:1)
  8 kobolds
  8 quokkas
  5 ball pythons
  8 frilled lizards
  31 rats
107 creatures vanquished.

Vanquished Creatures (collateral kills)
  A merfolk siren (Sewer)
  A merfolk avatar (Sewer)
2 creatures vanquished.

Grand Total: 109 creatures vanquished

Notes
Turn   | Place    | Note
-------+----------+-------------------------------------------
     0 | D:1      | SnakkuSnakku7 the Kobold Necromancer began the quest for
                  | the Orb.
     0 | D:1      | Reached XP level 1. HP: 10/10 MP: 3/3
    34 | D:1      | Found Qyac's Book Shoppe.
   313 | D:1      | Reached XP level 2. HP: 11/15 MP: 3/5
   408 | D:1      | Reached XP level 3. HP: 4/19 MP: 2/6
   412 | D:1      | Learned a level 3 spell: Vampiric Draining
   709 | D:1      | Reached skill level 5 in Necromancy
  1204 | D:1      | Found a faded altar of an unknown god.
  1645 | D:2      | Reached XP level 4. HP: 23/24 MP: 4/7
  1648 | D:2      | Noticed Robin
  1649 | D:2      | Noticed Jessica
  1953 | D:2      | Killed Jessica
  2020 | D:2      | Noticed Robin
  2020 | D:2      | Robin changed into Robin the gnoll
  2675 | D:2      | Reached XP level 5. HP: 28/28 MP: 1/8
  2951 | D:2      | Noticed Robin
  2951 | D:2      | Robin the gnoll changed into Robin the quokka
  2952 | D:2      | Killed Robin the quokka
  3404 | D:3      | Reached skill level 1 in Air Magic
  3428 | D:3      | Reached skill level 1 in Conjurations
  3446 | D:3      | Found a glowing drain.
  3452 | Sewer    | Entered a sewer
  3834 | Sewer    | Reached XP level 6. HP: 18/32 MP: 9/9
  4557 | D:3      | Slain by a kobold brigand

Illustrated notes

Levels and vault maps discovered:
D:1:      mrwooster_arrival_statue, layout_rooms, serial_shops, shop,
          shapermc_ecumenical_altar_hornbeckon, minmay_octomino_j4
D:2:      layout_loops_ring, uniq_robin, uniq_jessica
D:3:      cheibrodos_thug_alley, layout_basic, gup_sewer_entry_spiral,
          dreamdust_wishing_well

Skill      XL: |  1  2  3  4  5 |
---------------+----------------+-----
Necromancy     | 5 |  5.8
Air Magic      | 2 |  2.5
Conjurations   | 2 |  2.4
Dodging        | |  2.4
Stealth        | |  2.6
Spellcasting   | |  2.1

Action                   |  1- 3 |  4- 6 || total
-------------------------+-------+-------++-------
Melee: Dagger            |    76 |    33 ||   109
       Punch             |       |     1 ||     1
       Spear             |       |   124 ||   124
 Cast: Necrotise         |    47 |    55 ||   102
Evoke: Wand              |       |     4 ||     4
  Use: Scroll            |       |    13 ||    13
 Stab: Sleeping          |       |     8 ||     8
Armor: Robe              |    11 |    32 ||    43
Dodge: Dodged            |    59 |   108 ||   167
Block: Other             |       |    10 ||    10
